 Dungeon Crawl Stone Soup version 0.20.0-7-g3b7b877 (webtiles) character file.

46 Rrauwl the Magician (level 3, 0/23 HPs)
             Began as a Halfling Wanderer on May 29, 2017.
             Succumbed to an adder's poison
             ... on level 2 of the Dungeon.
             The game lasted 00:06:00 (1479 turns).

Rrauwl the Magician (Halfling Wanderer)             Turns: 1479, Time: 00:06:00

Health: 0/23       AC:  3    Str: 13    XL:     3   Next: 95%
Magic:  7/7        EV: 12    Int: 12    God:
Gold:   59         SH:  0    Dex: 12    Spells: 7/8 levels left

rFire    . . .     SeeInvis .   b - +0 hunting sling
rCold    . . .     Gourm    .   (shield restricted)
rNeg     . . .     Faith    .   j - +0 leather armour
rPois    .         Spirit   .   (no helmet)
rElec    .         Reflect  .   (no cloak)
rCorr    .         Harm     .   (no gloves)
MR       .....                  (no boots)
Stlth    +.........             (no amulet)
Regen    0.1/turn               (no ring)
MPRegen  0.1/turn               (no ring)

@: lethally poisoned (0 -> -7)
A: mutation resistance 1
a: no special abilities


You were on level 2 of the Dungeon.
You were not hungry.

You visited 1 branch of the dungeon, and saw 2 of its levels.

You collected 59 gold pieces.

Inventory:

Hand Weapons
 b - a +0 hunting sling (weapon)
Missiles
 d - 11 stones (quivered)
Armour
 j - a +0 leather armour (worn)
Scrolls
 k - 2 scrolls of teleportation
Books
 a - a book of Minor Magic

   Spells                             Type                      Level
   a - Magic Dart                     Conjuration                  1
   b - Blink                          Translocation                2
   c - Call Imp                       Summoning                    2
   d - Slow                           Hexes                        2
   e - Conjure Flame                  Conjuration/Fire             3
   f - Mephitic Cloud                 Conjuration/Poison/Air       3
Comestibles
 f - 3 bread rations
 g - a chunk of flesh
 h - a royal jelly
 i - a meat ration


   Skills:
 + Level 1.5 Fighting
   Level 1.1 Shields
 - Level 3.2 Spellcasting
 - Level 2.0 Conjurations
   Level 1.0 Summonings
   Level 2.0 Fire Magic
   Level 1.0 Ice Magic
   Level 1.0 Evocations


You had 7 spell levels left.
You knew the following spells:

 Your Spells              Type           Power        Failure   Level  Hunger
a - Magic Dart            Conj           #...         13%         1    #......


Dungeon Overview and Level Annotations

Branches:
Dungeon (2/15)

Altars:


Innate Abilities, Weirdness & Mutations

You are small and have problems with some larger weapons.
You are somewhat resistant to further mutation.


Message History

You feel sick. The adder bites you.
* * * LOW HITPOINT WARNING * * *
The adder misses you.
You feel better. The adder bites you.
* * * LOW HITPOINT WARNING * * *
You are lethally poisoned!
The adder poisons you!
Firing (i - inventory):
d - 13 stones (quivered)
Press: ? - help, Shift-Dir - straight line, f/p - adder
Aim: an adder (heavily wounded)
You shoot a stone. The stone barely misses the adder.
* * * LOW HITPOINT WARNING * * *
You feel sick. The adder bites you.
* * * LOW HITPOINT WARNING * * *
The adder bites you but does no damage.
Firing (i - inventory):
d - 12 stones (quivered)
Press: ? - help, Shift-Dir - straight line, f/p - adder
Aim: an adder (heavily wounded)
You shoot a stone. The stone completely misses the adder.
You die...

...##.##.#.<##.###...####
......##.......# #...#
##.##...(...#### #...#
##....<.....# #...#
#####.##.#### #...#
......##.# #######.##
#........# #.....†#.#
#.######## #.....###.#
..# #.##@## #.# ### #.S#
... # ....# #.. # ##.##..
... # ... ... .# #.. ....
#.. .(? #... ..#


You could see an adder.

Vanquished Creatures
  3 dart slugs
  A leopard gecko (D:1)
  7 goblins
  2 hobgoblins (D:1)
  6 jackals
  2 kobolds (D:1)
  A ball python (D:2)
  4 bats
  2 frilled lizards (D:1)
  10 rats (D:1)
38 creatures vanquished.

Notes
Turn   | Place    | Note
-------+----------+-------------------------------------------
     0 | D:1      | Rrauwl the Halfling Wanderer began the quest for the Orb.
     0 | D:1      | Rrauwl set off with: a book of Minor Magic, a scroll of teleportation, a potion of curing, a +0 robe, a +0 club, a bread ration
     0 | D:1      | Reached XP level 1. HP: 11/11 MP: 4/4
     2 | D:1      | Learned a level 1 spell: Magic Dart
    52 | D:1      | Reached skill level 1 in Conjurations
    53 | D:1      | Reached XP level 2. HP: 2/17 MP: 0/6
   604 | D:1      | Reached XP level 3. HP: 21/21 MP: 4/7
  1190 | D:1      | Reached skill level 1 in Fighting
  1476 | D:2      | HP: 1/23 [adder (4)]
  1479 | D:2      | Succumbed to an adder's poison

Skill      XL: |  1  2  3 |
---------------+----------+-----
Conjurations   | 1 2 |  2.0
Fighting       | 1 |  1.5
Shields        | |  1.1
Spellcasting   | |  3.2
Summonings     | |  1.0
Fire Magic     | |  2.0
Ice Magic      | |  1.0
Evocations     | |  1.0

Action                   || total
-------------------------++-------
Melee: Club              ||    93
 Fire: Hunting sling     ||    12
 Cast: Magic Dart        ||    51
  Use: Scroll            ||     3
       Potion            ||     2
  Eat: Chunk             ||     3
Armor: Robe              ||     9
       Leather armour    ||    35
Dodge: Dodged            ||   108
